 Dungeon Crawl Stone Soup version 0.28.0-53-g5a82cb258f (webtiles) character file.

Game seed: 2070753782660807631

51 hawla the Firebug (level 3, 0/14 HPs)
             Began as a Felid Fire Elementalist on June 6, 2022.
             Slain by an orc
             ... wielding a +0 hand axe
              (6 damage)
             ... on level 3 of the Dungeon.
             The game lasted 00:03:30 (2478 turns).

hawla the Firebug (Felid Fire Elementalist)         Turns: 2478, Time: 00:03:31

Health: 0/14       AC:  1    Str:  4    XL:     3   Next: 57%
Magic:  4/7        EV: 17    Int: 18    God:
Gold:   69         SH:  0    Dex: 16    Spells: 4/7 levels left
                                        Lives:  0   Deaths: 0

rFire   . . .      SeeInvis +   (weapon unavailable)
rCold   . . .      Faith    .   (shield unavailable)
rNeg    . . .      Spirit   .   (armour unavailable)
rPois   .          Reflect  .   (helmet unavailable)
rElec   .          Harm     .   (cloak unavailable)
rCorr   .          Rampage  .   (gloves unavailable)
Will    .....                   (boots unavailable)
Stlth   ++........              (no amulet)
HPRegen 0.04/turn               (no ring)
MPRegen 0.10/turn               (no ring)

@: quick
A: very small, claws 1, fangs 3, see invisible, speed 1, shaggy fur 1, stealthy
paws, no weapons or thrown items, no armour, multi-lived
a: no special abilities


You were on level 3 of the Dungeon.
You visited 1 branch of the dungeon, and saw 3 of its levels.

You collected 69 gold pieces.

Inventory:

Scrolls
 a - a scroll of acquirement {unknown}
 c - a scroll of teleportation {unknown}
Potions
 b - 3 potions of cancellation {unknown}
 d - a potion of invisibility {unknown}


   Skills:
 + Level 2.7 Dodging
 + Level 3.0 Stealth
 + Level 0.4 Unarmed Combat
 + Level 2.6 Spellcasting
 + Level 1.2 Conjurations
 + Level 3.4 Fire Magic


You had 4 spell levels left.
You knew the following spells:

 Your Spells              Type           Power      Damage    Failure   Level
a - Foxfire               Conj/Fire      40%        2x1d6     6%          1
b - Scorch                Fire           28%        2d6       6%          2

Your spell library contained the following spells:

 Spells                   Type           Power      Damage    Failure   Level
 Conjure Flame            Conj/Fire      10%        6-21      19%         3
 Inner Flame              Hex/Fire       8%         N/A       26%         3
 Flame Wave               Conj/Fire      10%        2d5       54%         4


Dungeon Overview and Level Annotations

Branches:
Dungeon (3/15)

Altars:
Uskayaw


Innate Abilities, Weirdness & Mutations

You have sharp claws.
You have razor-sharp teeth.
You have supernaturally acute eyesight. (SInv)
You cover ground quickly. (Speed+)
You are covered in fur. (AC +1)
Your paws help you pounce on unaware monsters.
You are incapable of wielding weapons or throwing items.
You cannot wear armour.
You gain extra lives every three experience levels.


Message History

Done exploring.
Done exploring.
Done exploring.
Done exploring.
(D) Dungeon
Where to? (Enter - D:3 @ (x,y), ? - help)
What level of the Dungeon? (default 1, ? - help)
You see here a +0 hunting sling.
There is a stone staircase leading down here.
You climb downwards.
Found 21 stones.
Found a stone staircase leading down.
There is a stone staircase leading up here.
A frilled lizard is nearby!
Okay, then.
An orc comes into view. It is wielding a +0 hand axe.
Found 10 gold pieces.
The frilled lizard bites you but does no damage.
You closely miss the frilled lizard.
The orc shouts!
The frilled lizard closely misses you.
You closely miss the frilled lizard. Your bite misses the frilled lizard.
The frilled lizard completely misses you.
You closely miss the frilled lizard.
The frilled lizard bites you but does no damage.
You barely miss the frilled lizard. The frilled lizard misses you.
You completely miss the frilled lizard. The frilled lizard closely misses you.
You miss the frilled lizard. The frilled lizard closely misses you.
You scratch the orc but do no damage. The frilled lizard bites you.
The orc misses you.
Casting: Foxfire (safe; 6% risk of failure)
Confirm with . or Enter, or press ? or * to list all spells.
Flames lash the orc.
The orc is almost dead.
The orc's fire resistance burns away.
The frilled lizard bites you. The orc completely misses you.
Casting: Scorch (safe; 6% risk of failure)
Confirm with . or Enter, or press ? or * to list all spells.
You conjure some foxfire!
The frilled lizard bites you. The orc hits you with a +0 hand axe.
You die...

#.... ##....
###.... .....
####... #.....#
# +..lv.#### #
#..#@....## #
#..ov.<...#
..............#
....(.........#
..............#
.$............#
..............#
o
..............#
. .............


You could see an orc (combustible, ally target) and a frilled lizard (ally
target).

Vanquished Creatures
  2 adders
  2 dart slugs
  4 ball pythons
  5 endoplasms
  3 giant cockroaches
  A hobgoblin (D:1)
  2 bats
  3 frilled lizards (D:1)
  5 kobolds
  3 rats
30 creatures vanquished.

Vanquished Creatures (others)
  49 foxfires
49 creatures vanquished.

Grand Total: 79 creatures vanquished

Notes
Turn   | Place    | Note
-------+----------+-------------------------------------------
     0 | D:1      | hawla the Felid Fire Elementalist began the quest for the
                  | Orb.
     0 | D:1      | Reached XP level 1. HP: 7/7 MP: 4/4
   531 | D:1      | Reached skill level 1 in Conjurations
   531 | D:1      | Reached XP level 2. HP: 11/11 MP: 6/6
   534 | D:1      | Learned a level 2 spell: Scorch
  1630 | D:2      | Reached XP level 3. HP: 14/14 MP: 3/7
  1930 | D:2      | You fall into a shaft and drop 1 floor!
  1936 | D:3      | Found a hide-covered altar of Uskayaw.
  2478 | D:3      | Slain by an orc

Illustrated notes

Levels and vault maps discovered:
D:1:      psy_arrival_fountain, layout_loops_corners
D:2:      layout_loops_cross, minmay_between
D:3:      layout_rooms, nicolae_vehumet_altar_sigil, old_standard_altar,
          kennysheep_small_spiral, minmay_snake_closets

Skill      XL: |  1  2  3 |
---------------+----------+-----
Fire Magic     | 3 |  3.4
Conjurations   | 1 |  1.2
Stealth        | 3 |  3.0
Dodging        | |  2.7
Unarmed Combat | |  0.4
Spellcasting   | |  2.6

Action                   || total
-------------------------++-------
Melee: Unarmed           ||    44
       Bite              ||     5
       Punch             ||     1
 Cast: Foxfire           ||    30
       Scorch            ||     6
  Use: Scroll            ||     1
 Stab: Sleeping          ||     7
Armor: Skin              ||     2
Dodge: Dodged            ||    39
